 Dungeon Crawl Stone Soup version 0.26-a0-707-g31817bcca1 (webtiles) character file.

Game seed: 17140549983916762026

43 dickylongcocking the Chopper (level 3, -1/30 HPs)
             Began as a Minotaur Gladiator on Oct 26, 2020.
             Slain by an adder (4 damage)
             ... on level 2 of the Dungeon.
             The game lasted 00:00:43 (679 turns).

dickylongcocking the Chopper (Minotaur Gladiator)    Turns: 679, Time: 00:00:44

Health: -1/30      AC:  3    Str: 19    XL:     3   Next: 37%
Magic:  2/2        EV: 12    Int:  5    God:
Gold:   24         SH:  0    Dex: 11    Spells: 2/2 levels left

rFire    + . .     SeeInvis .   a - +0 war axe
rCold    + . .     Faith    .   (no shield)
rNeg     . . .     Spirit   .   b - +0 leather armour
rPois    +         Reflect  .   c - +0 hat
rElec    +         Harm     .   (no cloak)
rCorr    +         Rampage  .   (no gloves)
MR       .....                  (no boots)
Stlth    +.........             (no amulet)
HPRegen  0.10/turn              (no ring)
MPRegen  0.08/turn              (no ring)

@: lethally poisoned (-1 -> -8), resistant
A: retaliatory headbutt, horns 2
a: no special abilities


You were on level 2 of the Dungeon.
You visited 1 branch of the dungeon, and saw 2 of its levels.

You collected 24 gold pieces.

Inventory:

Hand Weapons
 a - a +0 war axe (weapon)
Missiles
 d - 3 throwing nets (quivered)
 f - 41 arrows
 h - 14 sling bullets
 j - 26 bolts
Armour
 b - a +0 leather armour (worn)
 c - a +0 hat (worn)
Wands
 l - a wand of enslavement (12)
Scrolls
 i - a scroll of teleportation {unknown}
 k - a scroll of amnesia {unknown}
Potions
 e - a potion of heal wounds {unknown}
 m - a potion of berserk rage {unknown}


   Skills:
 - Level 2.4 Fighting
 * Level 5.4 Axes
 - Level 2.0 Throwing
 - Level 3.2 Dodging


You had 2 spell levels left.
You didn't know any spells.
Your spell library was empty.

Dungeon Overview and Level Annotations

Branches:
Dungeon (2/15)

Altars:


Innate Abilities, Weirdness & Mutations

You reflexively headbutt those who attack you in melee.
You have a pair of horns on your head.


Message History

The adder bites you. x2
You are more poisoned.
The adder poisons you!
You barely miss the adder.
The adder is heavily wounded.
You feel sick. The adder barely misses you. The adder bites you.
* * * LOW HITPOINT WARNING * * *
You are too injured to fight recklessly!
* * * LOW HITPOINT WARNING * * *
You feel sick. The adder bites you.
* * * LOW HITPOINT WARNING * * *
* * * LOW HITPOINT WARNING * * *
You feel sick.
Unknown command.
It was a potion of resistance.
You feel protected. The adder bites you.
* * * LOW HITPOINT WARNING * * *
The adder bites you.
You die...

..............#
#.≈
###....[.#######.#
#.≈
##............#.#
...
.........######.##
##.
##.####.#####....
#. #. #.........#
. # #..#####..#
#..#####..###.#
#.....S@.......
#.............#
#.........##..#
#..#.........##
#..#.......###
#..#..$....#
.........###
.#######..# #. ..#


You could see an adder.

Vanquished Creatures
  An ooze (D:1)
  A dart slug (D:2)
  A leopard gecko (D:1)
  4 bats (D:1)
  3 giant cockroaches
  5 goblins (D:1)
  2 hobgoblins (D:2)
  3 frilled lizards
  6 kobolds
  10 rats
36 creatures vanquished.

Notes
Turn   | Place    | Note
-------+----------+-------------------------------------------
     0 | D:1      | dickylongcocking the Minotaur Gladiator began the quest for
                  | the Orb.
     0 | D:1      | Reached XP level 1. HP: 18/18 MP: 0/0
    33 | D:1      | Reached skill level 4 in Axes
    41 | D:1      | Reached XP level 2. HP: 25/25 MP: 1/1
   378 | D:1      | Reached skill level 5 in Axes
   428 | D:1      | Reached XP level 3. HP: 30/30 MP: 2/2
   514 | D:2      | Found a faded altar of an unknown god.
   679 | D:2      | Slain by an adder

Illustrated notes

Levels and vault maps discovered:
D:1:      scummos_arrival_forest, layout_basic
D:2:      layout_basic, nicolae_overflow_crystal_walls,
          chequers_ecumenical_altar_island, serial_park_tiny_1

Skill      XL: |  1  2 |
---------------+-------+-----
Axes           | 4 5 |  5.4
Fighting       | |  2.4
Throwing       | |  2.0
Dodging        | |  3.2

Action                   || total
-------------------------++-------
Melee: War axe           ||    63
       Headbutt          ||     9
  Use: Potion            ||     1
Armor: Leather armour    ||    28
Dodge: Dodged            ||    51

Table legend: (Time is in decaauts)
 A = Elapsed time spent in this place.
 B = Non-inter-level travel time spent in this place.
 C = Inter-level travel time spent in this place.
 D = Time resting spent in this place.
 E = Time spent auto-exploring this place.
 F = Levels seen in this place.
 G = Mean time per level.
                   A        B        C        D        E       F      G
               +--------+--------+--------+--------+--------+-----+--------+
         Total |    696 |    685 |     11 |      0 |    478 |   2 |  348.0 |
       Dungeon |    696 |    685 |     11 |      0 |    478 |   2 |  348.0 |
               +--------+--------+--------+--------+--------+-----+--------+

Top non-repeatable levels by time:
     D:1: 503 daAuts
     D:2: 193 daAuts
